 Dungeon Crawl Stone Soup version 0.30-a0-743-gbfdf073431 (webtiles) character file.

Game seed: 7512494869995929599

37326 DeathSun the Brawler (level 13, -7/113 HPs)
             Began as a Purple Draconian Transmuter on Feb 7, 2023.
             Was an Initiate of Gozag.
             Mangled by a polar bear (23 damage)
             ... in an ice cave.
             The game lasted 01:03:13 (21259 turns).

DeathSun the Brawler (Purple Draconian Transmuter) Turns: 21259, Time: 01:03:14

Health: -7/113     AC: 12    Str: 17    XL:     13   Next: 57%
Magic:  16/16      EV: 14    Int: 13    God:    Gozag
Gold:   2247       SH:  0    Dex: 13    Spells: 11/16 levels left

rFire   . . .      SeeInvis .      - Unarmed
rCold   + + .      Faith    .    (no shield)
rNeg    . . .      Spirit   .    (body armour unavailable)
rPois   .          Reflect  .    (helmet restricted)
rElec   .          Harm     .    y - +2 cloak {Will+}
rCorr   .          Rampage  .    (no gloves)
Will    ++...                    g - +0 pair of boots
Stlth   +                        (no amulet)
HPRegen 0.38/turn                T - ring of protection from cold
MPRegen 0.15/turn                h - ring of protection from cold

@: studying Long Blades, very slow
A: breathe power, AC +8, unfitting armour, cold-blooded
a: Breathe Dispelling Energy, Renounce Religion, Potion Petition, Call Merchant,
Bribe Branch


You were in an ice cave.
You worshipped Gozag.
Gozag was most pleased with you.
You visited 3 branches of the dungeon, and saw 18 of its levels.
You also visited: Bailey and Ice Cave.

You collected 4207 gold pieces.
You spent 66 gold pieces at shops.
You paid 1894 gold pieces to Gozag.

Inventory:

Missiles
 l - 5 throwing nets
 p - 6 javelins
Armour
 g - a +0 pair of boots (worn)
 y - a +2 cloak of willpower (worn)
Jewellery
 h - a ring of protection from cold (right hand)
 m - a ring of magical power
 o - a ring of ice
 w - a +5 ring of evasion
 G - a +6 ring of strength
 L - a +4 ring of protection
 T - a ring of protection from cold (left hand)
 X - a ring of flight
Wands
 e - a wand of charming (21)
 i - a wand of light (4)
 v - a wand of mindburst (37)
 E - a wand of roots (22)
 N - a wand of digging (4)
 U - a wand of flame (4) (quivered)
Scrolls
 b - 4 scrolls of poison
 c - 8 scrolls of teleportation
 n - 4 scrolls of immolation
 q - 2 scrolls of silence
 r - 2 scrolls of noise
 s - a scroll of torment
 t - 2 scrolls of blinking
 u - 5 scrolls of fear
 x - 2 scrolls of summoning
 D - 8 scrolls of fog
 P - a scroll of vulnerability
 Q - 2 scrolls of enchant armour
 R - a scroll of brand weapon {unknown}
 V - a scroll of magic mapping
 W - a scroll of enchant weapon {unknown}
 Y - a scroll of identify
Potions
 a - a potion of ambrosia {unknown}
 d - 3 potions of haste
 f - 4 potions of resistance
 j - a potion of might
 k - 2 potions of degeneration
 z - 3 potions of curing
 B - 5 potions of brilliance
 C - a potion of berserk rage {unknown}
 F - a potion of invisibility {unknown}
 H - a potion of experience {unknown}
 I - 5 potions of mutation
 J - a potion of cancellation {unknown}
 K - a potion of magic {unknown}
 M - 4 potions of attraction {unknown}
 O - 3 potions of heal wounds {unknown}
 S - 2 potions of flight {unknown}


   Skills:
 - Level 10.0 Fighting
 * Level 5.1 Dodging
 * Level 17.1 Unarmed Combat
 - Level 2.4 Spellcasting
 - Level 10.0 Transmutations
 - Level 4.0 Earth Magic
 * Level 8.1 Evocations


You had 11 spell levels left.
You knew the following spells:

 Your Spells              Type           Power      Damage    Failure   Level
a - Beastly Appendage     Tmut           54%        N/A       1%          1
b - Wereblood             Tmut           27%        N/A       1%          2
c - Passwall              Tmut/Erth      15%        N/A       1%          2

Your spell library contained the following spells:

 Spells                   Type           Power      Damage    Failure   Level
 Sandblast                Erth           22%        2d7       4%          1
 Spider Form              Tmut/Pois      14%        N/A       10%         3
 Apportation              Tloc           2%         N/A       24%         1
 Necrotise                Necr           4%         1d4       24%         1
 Summon Small Mammal      Summ           4%         N/A       24%         1
 Ice Form                 Ice/Tmut       14%        N/A       30%         4
 Stone Arrow              Conj/Erth      12%        3d7       32%         3
 Ensorcelled Hibernation  Hex/Ice        2%         N/A       36%         2
 Hailstorm                Conj/Ice       1%         3d3       58%         3
 Swiftness                Air            1%         N/A       58%         3
 Vampiric Draining        Necr           1%         2d6       58%         3
 Agony                    Necr           1%         N/A       100%        5
 Simulacrum               Ice/Necr       Unusable   N/A       N/A         6

Dungeon Overview and Level Annotations

Branches:
Dungeon (13/15)            Temple (0/1) D:7            Lair (3/5) D:11
  Swamp (0/4) Lair:2       Spider (0/4) Lair:2          Orc (2/2) D:10
 Vaults (0/5) D:13         Bailey (visited)           IceCv (1/1)
    Elf: Orc:2

Altars:
Dithmenos
Elyvilon
Gozag
Makhleb
Ru
Trog
Yredelemnul

Shops:
D:7 (

Portals:
Trove: D:12 (give +2 shadow dragon scales)


Innate Abilities, Weirdness & Mutations

You can breathe bolts of dispelling energy.
Your rich purple scales are hard. (AC +8)
You cannot fit into any form of body armour.
You are cold-blooded and may be slowed by cold attacks.


Message History

The polar bear claws you but does no damage. x2
You punch the polar bear!
The polar bear is heavily wounded.
The polar bear bites you but does no damage.
The polar bear claws you but does no damage.
The polar bear claws you.
You punch the polar bear!
The polar bear is severely wounded.
The polar bear goes berserk!
Your unstable footing causes you to fumble your attack.
The polar bear bites you! The polar bear barely misses you.
The polar bear claws you but does no damage.
Your unstable footing causes you to fumble your attack.
The polar bear bites you. The polar bear misses you. The polar bear claws you.
Your unstable footing causes you to fumble your attack.
The polar bear misses you. The polar bear claws you. x2
Your unstable footing causes you to fumble your attack.
The polar bear bites you but does no damage.
The polar bear closely misses you. The polar bear claws you.
* * * LOW HITPOINT WARNING * * *
You punch the polar bear!
You tail-slap the polar bear, but do no damage.
The polar bear is almost dead.
The polar bear closely misses you. x2
The polar bear claws you but does no damage.
Your unstable footing causes you to fumble your attack.
The polar bear closely misses you. x2
The polar bear claws you but does no damage.
You barely miss the polar bear.
The polar bear is almost dead.
The polar bear bites you!
* * * LOW HITPOINT WARNING * * *
The polar bear claws you but does no damage.
The polar bear closely misses you.
You closely miss the polar bear.
You tail-slap the polar bear, but do no damage.
The polar bear is almost dead.
The polar bear bites you!!
You die...
Your body crumbles into a pile of gold. # ######### .YY

###~.#....### #
#..##h@##.#.....###
##
#~~$#####.###...####.
≈≈≈≈≈~~## ###
###...#.. #≈≈≈≈≈≈
#########... ##≈≈≈≈≈
###...########
≈≈≈≈≈≈≈
###..##...[.##
#≈≈≈≈≈≈
#..###...⌠...##
.#≈≈≈≈≈
##...##........#
###≈≈≈
#..#########...#


You could see a polar bear (berserk).

Vanquished Creatures
  A hydra (Lair:2)
  A centaur warrior (D:11)
  5 two-headed ogres
  3 death yaks (IceCv)
  A bog body (Lair:2)
  2 orc knights
  An ugly thing (D:12)
  2 deep elf pyromancers (D:12)
  3 slime creatures
  A gargoyle (D:13)
  A black mamba (D:11)
  2 unseen horrors
  2 cane toads
  2 komodo dragons
  6 polar bears (IceCv)
  4 trolls
  2 hornets
  14 blink frogs
  3 shadows
  64 yaks
  A wyvern (D:8)
  2 wraiths
  4 humans (D:13)
  3 basilisks
  2 redbacks (Lair:2)
  7 vampire mosquitoes
  Menkaure (D:5)
  2 acid dragons
  5 water moccasins (Lair:2)
  An ice beast (D:7)
  13 orc warriors
  3 centaurs
  3 ogres
  28 wolves
  A phantom (D:4)
  10 bullfrogs
  2 necrophages
  4 scorpions
  5 gnoll sergeants
  5 wights (D:7)
  18 killer bees
  The ghost of Regoshi the Slasher, a weakling DsGl (D:3)
  2 electric eels (D:12)
  A howler monkey (D:12)
  4 orc priests
  8 hounds
  5 jellies
  Jessica (D:2)
  A gnoll bouda (D:3)
  Terence (D:2)
  3 iguanas (D:6)
  6 orc wizards
  31 gnolls
  11 adders
  A shadow imp (D:7)
  2 ufetubi (D:5)
  A worm (D:2)
  3 dart slugs
  37 orcs
  5 bats
  2 endoplasms
  3 giant cockroaches
  16 goblins
  14 hobgoblins
  5 quokkas
  3 training dummies (D:7)
  6 ball pythons
  4 frilled lizards
  4 kobolds
  4 rats
425 creatures vanquished.

Vanquished Creatures (collateral kills)
  A yak (IceCv)
1 creature vanquished.

Vanquished Creatures (others)
  A death yak (IceCv)
  A yak (IceCv)
  3 fungi
  23 plants
28 creatures vanquished.

Grand Total: 454 creatures vanquished

Notes
Turn   | Place    | Note
-------+----------+-------------------------------------------
     0 | D:1      | DeathSun the Draconian Transmuter began the quest for the
                  | Orb.
     0 | D:1      | Reached XP level 1. HP: 16/16 MP: 3/3
   181 | D:1      | Reached XP level 2. HP: 23/23 MP: 3/5
  1042 | D:2      | Reached XP level 3. HP: 27/28 MP: 4/6
  1330 | D:2      | Reached skill level 4 in Unarmed Combat
  1663 | D:2      | Noticed Terence
  1672 | D:2      | Killed Terence
  1673 | D:2      | Reached XP level 4. HP: 31/35 MP: 5/7
  1746 | D:2      | Learned a level 2 spell: Wereblood
  1781 | D:2      | Noticed Jessica
  1800 | D:2      | Killed Jessica
  2393 | D:3      | Reached skill level 5 in Unarmed Combat
  2515 | D:3      | Reached XP level 5. HP: 40/40 MP: 8/8
  2621 | D:3      | Found an opulent altar of Gozag.
  2678 | D:3      | Found a bloodstained altar of Trog.
  2684 | D:3      | Found a basalt altar of Yredelemnul.
  2689 | D:3      | Found a burning altar of Makhleb.
  2739 | D:3      | Became a worshipper of Gozag Ym Sagoz the Greedy
  2776 | D:3      | Found a transporter.
  2776 | D:3      | Found a transporter.
  2932 | D:3      | Noticed Regoshi's ghost (weakling DsGl)
  3419 | D:4      | Found a sacrificial altar of Ru.
  3427 | D:4      | Reached XP level 6. HP: 34/47 MP: 7/9
  3501 | D:4      | Reached skill level 6 in Unarmed Combat
  3793 | D:5      | Entered Level 5 of the Dungeon
  3849 | D:5      | Noticed a yak
  3852 | D:5      | Noticed a yak
  3852 | D:5      | Noticed Menkaure
  4025 | D:4      | Your scales start taking on a rich purple colour.
  4025 | D:4      | Reached XP level 7. HP: 44/52 MP: 8/10
  4055 | D:4      | Learned a level 2 spell: Passwall
  4086 | D:4      | Reached skill level 7 in Unarmed Combat
  4124 | D:5      | Noticed a yak
  4124 | D:5      | Noticed a yak
  4124 | D:5      | Noticed a yak
  4124 | D:5      | Noticed a yak
  4302 | D:5      | Reached skill level 5 in Transmutations
  4393 | D:3      | Killed Regoshi's ghost
  4869 | D:5      | Found a shadowy altar of Dithmenos.
  4899 | D:5      | Reached skill level 8 in Unarmed Combat
  5125 | D:5      | HP: 1/52 [ogre/+0 giant club (23)]
  5127 | D:5      | Reached XP level 8. HP: 2/59 MP: 11/11
  5456 | D:5      | Reached skill level 9 in Unarmed Combat
  5478 | D:5      | Killed Menkaure
  5503 | D:5      | Reached skill level 10 in Unarmed Combat
  5850 | D:6      | Reached XP level 9. HP: 58/64 MP: 12/12
  6245 | D:6      | Found a white marble altar of Elyvilon.
  6635 | D:6      | Identified the +2 chain mail of Benevolence {Drain rC+ rN+
                  | Regen+}
  7083 | D:7      | Found a staircase to the Ecumenical Temple.
  7116 | D:7      | Reached skill level 11 in Unarmed Combat
  7244 | D:7      | Found a flagged portal.
  7271 | Bailey   | Entered a bailey
  7287 | Bailey   | Learned a level 3 spell: Spider Form
  7821 | Bailey   | Reached skill level 12 in Unarmed Combat
  7922 | Bailey   | Noticed an orc warlord
  7950 | Bailey   | Reached XP level 10. HP: 10/71 MP: 10/13
  8397 | D:7      | Found Kuuh's Firing Range.
  8404 | D:7      | Bought 2 throwing nets for 66 gold pieces
  9209 | D:8      | HP: 3/71 [gnoll/+1 heavy halberd[a gnoll sergeant] (20)]
  9696 | D:9      | Noticed a two-headed ogre
  9701 | D:9      | Killed a two-headed ogre
  9702 | D:9      | Reached skill level 13 in Unarmed Combat
  9798 | D:9      | HP: 1/71 [gnoll sergeant/+6 spear (11)]
 10926 | D:8      | Reached skill level 14 in Unarmed Combat
 10926 | D:8      | Reached skill level 10 in Transmutations
 11095 | D:9      | Reached XP level 11. HP: 61/77 MP: 14/14
 11270 | D:9      | You fall into a shaft and drop 3 floors!
 11345 | D:12     | HP: 5/115 [something (8)]
 11598 | D:12     | Noticed a deep elf pyromancer
 11615 | D:11     | Noticed a centaur warrior
 11623 | D:11     | Killed a centaur warrior
 11624 | D:11     | Reached skill level 1 in Earth Magic
 11643 | D:11     | Noticed a two-headed ogre
 11657 | D:11     | Killed a two-headed ogre
 11732 | D:10     | Entered Level 10 of the Dungeon
 12135 | D:10     | Noticed a two-headed ogre
 12152 | D:10     | Killed a two-headed ogre
 12160 | D:10     | Reached skill level 15 in Unarmed Combat
 12791 | D:9      | Reached skill level 5 in Fighting
 13489 | D:10     | Found a staircase to the Orcish Mines.
 14048 | Orc:1    | Entered Level 1 of the Orcish Mines
 14048 | Orc:1    | You fall into a shaft and drop 1 floor!
 14048 | Orc:2    | Entered Level 2 of the Orcish Mines
 14076 | Orc:2    | Noticed an orc knight
 14100 | Orc:2    | Killed an orc knight
 14916 | D:11     | Reached XP level 12. HP: 62/97 MP: 15/15
 15216 | D:11     | Noticed a two-headed ogre
 15223 | D:11     | Killed a two-headed ogre
 15224 | D:11     | Reached skill level 1 in Evocations
 15309 | D:11     | Found a staircase to the Lair.
 15506 | Lair:1   | Entered Level 1 of the Lair of Beasts
 15990 | Lair:1   | Reached skill level 16 in Unarmed Combat
 16850 | Lair:2   | Found a staircase to the Swamp.
 16884 | Lair:2   | Reached skill level 5 in Evocations
 16986 | Lair:2   | Noticed a five-headed hydra
 16995 | Lair:2   | Killed a five-headed hydra
 17692 | Lair:2   | Found a hole to the Spider Nest.
 18166 | Lair:3   | Noticed a seven-headed hydra
 18322 | Lair:3   | Noticed a death yak
 18322 | Lair:3   | Noticed a death yak
 18508 | D:12     | Noticed a two-headed ogre
 18520 | D:12     | Killed a two-headed ogre
 18717 | D:12     | Reached XP level 13. HP: 111/111 MP: 12/16
 19478 | D:12     | Found a portal to a secret trove of treasure.
 19815 | D:13     | Found a gate to the Vaults.
 19902 | D:13     | Found a frozen archway.
 19924 | IceCv    | Entered an ice cave
 20342 | IceCv    | Reached skill level 10 in Fighting
 20818 | IceCv    | Reached skill level 17 in Unarmed Combat
 21217 | IceCv    | Reached skill level 5 in Dodging
 21259 | IceCv    | Mangled by a polar bear

Illustrated notes

Levels and vault maps discovered:
D:1:      amcnicky_arrival_choice, layout_loops_cross, minivault_27,
          minmay_misc_feat_more_columns
D:2:      layout_basic, grunt_ministairs_7, minmay_misc_feat_plants,
          chequers_serial_rivers_marsh, uniq_jessica, uniq_terence
D:3:      layout_loops_ring, minmay_overflow_temple_star_quad,
          grunt_gozag_breadcrumbs, gammafunk_ghost_gnarly_gnolls
D:4:      layout_basic, mainiacjoe_overflow_24_doors
D:5:      layout_rooms, nicolae_dithmenos_the_darkroom,
          amcnicky_mini_corridor_feature, uniq_menkaure
D:6:      layout_layer_cave, mainiacjoe_overflow_brackets,
          hangedman_decor_riveting
D:7:      layout_loops_cross, minmay_temple_entry_arrows, enter_bailey_3,
          nicolae_shop_firing_range
D:8:      layout_basic, kennysheep_generic_room_12
D:9:      layout_roguey, amcnicky_mini_pool_medium
D:10:     layout_basic, orc_0_dummy
D:11:     layout_loops_ring, dpeg_oklobed_lair
D:12:     layout_basic, nicolae_trove_entry_crossroad
D:13:     layout_irregular_city, david_vaults_3,
          portal_ice_cave_entry_pillars_1, minmay_microvault
Lair:1:   layout_regular_city, grunt_megastairs_3
Lair:2:   layout_regular_city, skrybe_swamp_entry_bodies, spider_nest_entry_a
Lair:3:   layout_gridlike
Orc:1:    layout_caves, serial_shops, nicolae_shop_hallway_plus
Orc:2:    grunt_orc_cross, layout_caves, serial_shops,
          nicolae_shop_temple_entry_statues_fountains,
          nicolae_shop_overcharged_wands, uniq_jorgrun
IceCv:    ice_cave_caverns_02

Skill      XL: |  1  2  3  4  5  6  7  8  9 10 11 12 13 |
---------------+----------------------------------------+-----
Unarmed Combat | 4 5 6 8 10 12 14 15 16 17 | 17.1
Transmutations | 3 4 5 7 8 10 | 10.0
Fighting       | 6 9 10 | 10.0
Earth Magic    | 4 |  4.0
Evocations     | 6 8 |  8.1
Dodging        | 3 5 |  5.1
Spellcasting   | |  2.4

Action                     |  1- 3 |  4- 6 |  7- 9 | 10-12 | 13-15 || total
---------------------------+-------+-------+-------+-------+-------++-------
  Melee: Unarmed           |    92 |   130 |   338 |   664 |   289 ||  1513
         Kick              |    14 |    23 |    75 |   160 |    86 ||   358
         Tailslap          |     9 |    16 |    43 |    91 |    40 ||   199
         Headbutt          |     7 |    17 |    36 |   108 |    64 ||   232
         Punch             |     2 |     6 |    16 |    43 |    27 ||    94
  Throw: Javelin           |       |     2 |     1 |    15 |    14 ||    32
         Boomerang         |       |       |       |     7 |     1 ||     8
   Cast: Beastly Appendage |    24 |    27 |    38 |    73 |    24 ||   186
         Wereblood         |       |     1 |    13 |    25 |    10 ||    49
         Passwall          |       |       |     1 |       |       ||     1
         Spider Form       |       |       |     1 |     4 |       ||     5
 Invoke: Potion Petition   |       |       |     2 |     4 |       ||     6
Ability: Breathe Dispellin |       |       |     1 |       |       ||     1
         End Transformatio |       |       |       |     1 |       ||     1
  Evoke: Wand              |       |       |    10 |       |     6 ||    16
    Use: Potion            |       |       |     8 |     8 |       ||    16
         Scroll            |       |       |    10 |    10 |       ||    20
   Stab: Sleeping          |     1 |       |       |       |       ||     1
         Distracted        |       |       |       |     1 |     3 ||     4
 Armour: Skin              |    20 |    45 |   118 |   308 |    93 ||   584
  Dodge: Dodged            |    51 |    75 |   165 |   327 |   147 ||   765

Table legend: (Time is in decaauts)
 A = Elapsed time spent in this place.
 B = Non-inter-level travel time spent in this place.
 C = Inter-level travel time spent in this place.
 D = Time resting spent in this place.
 E = Time spent auto-exploring this place.
 F = Levels seen in this place.
 G = Mean time per level.
                   A        B        C        D        E       F      G
               +--------+--------+--------+--------+--------+-----+--------+
         Total |  20909 |  19565 |   1344 |      0 |  14463 |  20 | 1045.4 |
       Dungeon |  16518 |  15309 |   1209 |      0 |  11366 |  13 | 1270.6 |
          Lair |   2360 |   2226 |    134 |      0 |   1698 |   3 |  786.7 |
  Orcish Mines |     94 |     94 |      0 |      0 |      0 |   2 |   47.0 |
        Bailey |    656 |    656 |      0 |      0 |    446 |   1 |  656.0 |
      Ice Cave |   1280 |   1280 |      0 |      0 |    952 |   1 | 1280.0 |
               +--------+--------+--------+--------+--------+-----+--------+

Top non-repeatable levels by time:
    D:10: 1963 daAuts
     D:7: 1707 daAuts
    D:12: 1638 daAuts
     D:8: 1541 daAuts
    D:11: 1518 daAuts
     D:2: 1363 daAuts
     D:4: 1344 daAuts
   IceCv: 1280 daAuts
     D:6: 1217 daAuts
     D:5: 1169 daAuts
  Lair:1: 1154 daAuts
     D:3: 1131 daAuts
  Lair:2: 1120 daAuts
     D:9: 954 daAuts
     D:1: 784 daAuts
